 Dungeon Crawl Stone Soup version 0.29-a0-360-g8ed1089bbe (webtiles) character file.

Game seed: 10607277072200151756

353 Zatoro the Bolt Thrower (level 6, -3/38 HPs)
             Began as a Kobold Chaos Knight on Apr 29, 2022.
             Was a Plaything of Xom.
             Slain by Grinder (6 damage)
             ... on level 6 of the Dungeon.
             The game lasted 00:19:31 (3610 turns).

Zatoro the Bolt Thrower (Kobold Chaos Knight)       Turns: 3610, Time: 00:19:32

Health: -3/38      AC:  6    Str:  4    XL:     6   Next: 94%
Magic:  6/6        EV: 14    Int: 13    God:    Xom [*.....]
Gold:   182        SH:  0    Dex: 24    Spells: 5/5 levels left

rFire   x . .      SeeInvis +   u - +10 spear of Gozag, Protecting {freeze, Will+ Str-4 Dex+6 SInv}
rCold   + . .      Faith    +   (no shield)
rNeg    . . .      Spirit   .   b - +2 leather armour
rPois   .          Reflect  .   (no helmet)
rElec   .          Harm     .   (no cloak)
rCorr   .          Rampage  .   (no gloves)
Will    +....                   (no boots)
Stlth   +++.......              d - amulet of faith
HPRegen 0.12/turn               k - +4 ring of slaying
MPRegen 0.10/turn               l - ring of ice

@: no status effects
A: small, no large weapons, nightstalker 3, fangs 1, agile 1, shaggy fur 1, weak
1
a: Renounce Religion


You were on level 6 of the Dungeon.
You worshipped Xom.
You were a special plaything of Xom.
You visited 1 branch of the dungeon, and saw 4 of its levels.

You collected 182 gold pieces.

Inventory:

Hand Weapons
 a - a +0 short sword of chaos
 o - a +0 dagger of venom
 q - a +3 hand crossbow
 u - the +10 spear of Gozag, Protecting (weapon) {freeze, Will+ Str-4 Dex+6 SInv}
   (You found it on level 2 of the Dungeon)

   It freezes those it strikes, dealing additional cold damage.
   It can also slow down cold-blooded creatures.
   Str:       It affects your strength (-4).
   Dex:       It affects your dexterity (+6).
   SInv:      It lets you see invisible.
   Will:      It increases your willpower.
Armour
 b - a +2 leather armour (worn)
Magical Staves
 v - a staff of poison
Jewellery
 d - an amulet of faith (around neck)
 k - a +4 ring of slaying (left hand)
 l - a ring of ice (right hand)
 B - a +6 ring of strength
Wands
 y - a wand of digging (6)
Scrolls
 e - a scroll of immolation {unknown}
 f - a scroll of enchant armour {unknown}
 i - a scroll of fog {unknown}
 m - 3 scrolls of silence {unknown}
 p - a scroll of amnesia {unknown}
 r - 3 scrolls of teleportation
 x - a scroll of magic mapping {unknown}
 z - 2 scrolls of fear {unknown}
 C - a scroll of brand weapon {unknown}
Potions
 g - a potion of flight {unknown}
 h - 3 potions of haste {unknown}
 j - a potion of curing {unknown}
 n - a potion of magic {unknown}
 s - 2 potions of resistance {unknown}
 t - 2 potions of lignification {unknown}
 w - a potion of degeneration {unknown}
 A - a potion of attraction {unknown}
Miscellaneous
 c - a piece from Xom's chessboard (14/15) (quivered)


   Skills:
 + Level 3.9 Fighting
 * Level 5.2 Short Blades
 * Level 6.7 Crossbows
 - Level 0.8 Armour
 + Level 2.6 Dodging
 + Level 2.3 Stealth


You had 5 spell levels left.
You didn't know any spells.
Your spell library contained the following spells:

 Spells                   Type           Power      Damage    Failure   Level
 Animate Skeleton         Necr           0%         N/A       47%         1
 Pain                     Necr           0%         1d4       47%         1
 Vampiric Draining        Necr           0%         2d6       85%         3


Dungeon Overview and Level Annotations

Branches:
Dungeon (3/15)

Altars:
Kikubaaqudgha
Makhleb

Shops:
D:1 [=!(?

Annotations:
D:6 Grinder


Innate Abilities, Weirdness & Mutations

You are small and have problems with some larger weapons.
You are completely attuned to the shadows.
You have very sharp teeth.
You are agile. (Dex +2)
You are covered in fur. (AC +1)
You are weak. (Str -2)


Message History

Grinder hits you!
You writhe in agony.
You are too injured to fight recklessly!
You are too injured to fight recklessly!
You are too injured to fight recklessly!
Really attack while wielding your +3 hand crossbow?
Okay, then.
Really attack while wielding your +3 hand crossbow?
Okay, then.
You feel weaker.
You feel agile.
The +10 spear of Gozag, Protecting {freeze, Will+ Str-4 Dex+6 SInv} glows with a cold blue light!
u - the +10 spear of Gozag, Protecting (weapon)
{freeze, Will+ Str-4 Dex+6 SInv} Non-targeted evoke: piece from Xom's chessboard (15/15)
Press: ? - help, Q - select action Dir - look around, f - activate
Okay, then.
You are too injured to fight recklessly!
You puncture Grinder!
Grinder is heavily wounded. "Heh heh heh..."
Grinder looks rather confused.
You are now a special plaything of Xom.
Grinder hits you.
You puncture Grinder!
Grinder is almost dead.
Grinder hits something but does no damage.
You barely miss Grinder. You bite Grinder, but do no damage.
Grinder is almost dead.
Grinder hits you!
* * * LOW HITPOINT WARNING * * *
You writhe in agony.
* * * LOW HITPOINT WARNING * * *
Non-targeted evoke: piece from Xom's chessboard (15/15)
Press: ? - help, Q - select action Dir - look around, f - activate You make a move on Xom's chessboard...
Grinder is moving more slowly.
You puncture Grinder!
Grinder is almost dead.
You hit Grinder but do no damage.
Grinder is almost dead.
Grinder hits you.
You die...

. ####.. ####
##....#
.....###..#
......#.@##
.......5#5...
........#$...
.......##....
.......# ....
........#
#.........#
#.).......#.
#..<........


You could see Grinder (confused, petrifying, ally target) and a friendly crimson
imp (summoned).

Vanquished Creatures
  A kobold brigand (D:6)
  A bullfrog (D:6)
  A howler monkey (D:6)
  A hound (D:6)
  2 iguanas (D:6)
  3 adders
  2 dart slugs
  An orc (D:3)
  2 endoplasms
  9 goblins
  8 hobgoblins
  5 jackals
  4 quokkas
  6 ball pythons
  9 bats
  4 frilled lizards
  10 kobolds
  2 rats
71 creatures vanquished.

Notes
Turn   | Place    | Note
-------+----------+-------------------------------------------
     0 | D:1      | Zatoro the Kobold Chaos Knight began the quest for the Orb.
     0 | D:1      | Reached XP level 1. HP: 14/14 MP: 1/1
    93 | D:1      | Found Usucsa's Antique Weapon Boutique.
   134 | D:1      | Reached XP level 2. HP: 15/19 MP: 2/2
   260 | D:1      | XOM: divination: detect items
   313 | D:1      | XOM: divination: detect items
   425 | D:1      | Found Ufeuffut's Magic Scroll Shop.
   473 | D:1      | Found Suwnuck's Distillery.
   489 | D:1      | Reached skill level 1 in Stealth
   500 | D:1      | Found Roroci's Jewellery Boutique.
   517 | D:1      | XOM: silly message
   537 | D:1      | XOM: silly message
   540 | D:1      | Reached XP level 3. HP: 20/24 MP: 3/3
   659 | D:1      | XOM: divination: detect creatures
   871 | D:1      | Found Ollim's Antique Armour Emporium.
  1003 | D:2      | Found a faded altar of an unknown god.
  1099 | D:2      | XOM: silly message
  1114 | D:2      | Reached skill level 5 in Short Blades
  1114 | D:2      | Reached XP level 4. HP: 25/29 MP: 4/4
  1525 | D:2      | XOM: noise
  1528 | D:2      | Reached skill level 1 in Crossbows
  1889 | D:2      | XOM: silly message
  1996 | D:2      | XOM: silly message
  2066 | D:2      | Identified the +10 spear of Gozag, Protecting {freeze,
                  | Will+ Str-4 Dex+6 SInv}
  2269 | D:3      | XOM: give mutation
  2269 | D:3      | Gained mutation: You are weak. (Str -2) [Xom's mischief]
  2298 | D:3      | XOM: cloud trail
  2444 | D:3      | XOM: 1-stop teleportation journey
  2484 | D:3      | Reached skill level 2 in Crossbows
  2511 | D:3      | Found a burning altar of Makhleb.
  2574 | D:3      | XOM: 6-stop teleportation journey
  2630 | D:3      | Found an ancient bone altar of Kikubaaqudgha.
  2857 | D:3      | Reached XP level 5. HP: 33/33 MP: 5/5
  2899 | D:3      | XOM: give mutations
  2899 | D:3      | Gained mutation: You have very sharp teeth. [Xom's grace]
  2899 | D:3      | Gained mutation: You are agile. (Dex +2) [Xom's grace]
  3029 | D:3      | XOM: scenery: summon butterflies
  3134 | D:3      | You fall into a shaft and drop 3 floors!
  3146 | D:6      | Noticed a kobold brigand
  3160 | D:6      | Killed a kobold brigand
  3161 | D:6      | Reached skill level 4 in Crossbows
  3185 | D:6      | XOM: god gift: club {god gift}
  3200 | D:6      | XOM: stat loss: -1 Int (12/13)
  3239 | D:6      | XOM: god gift: 48 gold pieces
  3335 | D:6      | XOM: scenery: summon butterflies
  3354 | D:6      | XOM: summons 2 friendly demons
  3367 | D:6      | Reached skill level 5 in Crossbows
  3367 | D:6      | Reached XP level 6. HP: 25/38 MP: 6/6
  3470 | D:6      | XOM: give mutation
  3470 | D:6      | Gained mutation: You are covered in fur. (AC +1) [Xom's
                  | grace]
  3486 | D:6      | Reached skill level 6 in Crossbows
  3592 | D:6      | Noticed Grinder
  3598 | D:6      | XOM: summons friendly crimson imp
  3604 | D:6      | XOM: confuse monster(s)
  3610 | D:6      | Slain by Grinder

Illustrated notes

Levels and vault maps discovered:
D:1:      dpeg_arrival_three_bigger_balls, layout_basic, serial_shops,
          nicolae_shop_crystal, shop, shop, nicolae_shop_hallway_plus, shop,
          minmay_close_crescents
D:2:      layout_basic, hellmonk_ecumenical_altar_zigzags
D:3:      wander_river, layout_basic, mainiacjoe_overflow_catwalk_spiral
D:6:      layout_rooms, uniq_maggie, uniq_crazy_yiuf_cottage, uniq_grinder

Skill      XL: |  1  2  3  4  5  6 |
---------------+-------------------+-----
Stealth        | 1 2 |  2.3
Short Blades   | 5 |  5.2
Crossbows      | 2 5 6 |  6.7
Fighting       | |  3.9
Armour         | |  0.8
Dodging        | |  2.6

Action                   |  1- 3 |  4- 6 || total
-------------------------+-------+-------++-------
Melee: Short sword       |    84 |     3 ||    87
       Spear             |       |     9 ||     9
       Bite              |       |     1 ||     1
 Fire: Hand crossbow     |       |    80 ||    80
Evoke: Piece from Xom's  |       |     1 ||     1
  Use: Scroll            |       |     1 ||     1
 Stab: Confused          |     1 |       ||     1
       Sleeping          |    10 |     2 ||    12
Armor: Leather armour    |    18 |    11 ||    29
Dodge: Dodged            |    71 |    28 ||    99

Table legend: (Time is in decaauts)
 A = Elapsed time spent in this place.
 B = Non-inter-level travel time spent in this place.
 C = Inter-level travel time spent in this place.
 D = Time resting spent in this place.
 E = Time spent auto-exploring this place.
 F = Levels seen in this place.
 G = Mean time per level.
                   A        B        C        D        E       F      G
               +--------+--------+--------+--------+--------+-----+--------+
         Total |   3667 |   3462 |    205 |    225 |   2754 |   4 |  916.8 |
       Dungeon |   3667 |   3462 |    205 |    225 |   2754 |   4 |  916.8 |
               +--------+--------+--------+--------+--------+-----+--------+

Top non-repeatable levels by time:
     D:2: 1184 daAuts
     D:3: 1033 daAuts
     D:1: 963 daAuts
     D:6: 485 daAuts
